 Dungeon Crawl Stone Soup version 0.30-a0-170-g85af917532 (webtiles) character file.

Game seed: 4020432944432844954

2654 qw the Cleaver (level 9, -8/57 HPs)
             Began as a Gargoyle Fighter on Sept 30, 2022.
             Was an Initiate of Okawaru.
             Shot with a sling bullet by Joseph (15 damage)
             ... on level 8 of the Dungeon.
             The game lasted 00:02:37 (7918 turns).

qw the Cleaver (Gargoyle Fighter)                   Turns: 7918, Time: 00:02:37

Health: -8/57      AC: 22    Str: 21 (24) XL:     9   Next: 62%
Magic:  9/9        EV:  7    Int:  7 (9)  God:    Okawaru [......]
Gold:   266        SH:  4    Dex: 11      Spells: 8/8 levels left

rFire   . . .      SeeInvis .    Y - +1 war axe
rCold   . . .      Faith    .    c - +0 buckler
rNeg    + . .      Spirit   .    p - +0 chain mail
rPois   inf        Reflect  .    (helmet restricted)
rElec   +          Harm     .    (no cloak)
rCorr   .          Rampage  .    l - +1 pair of gloves
Will    .....                    a - +1 pair of boots {Fly}
Stlth   ..........               (no amulet)
HPRegen 0.19/turn                (no ring)
MPRegen 0.11/turn                (no ring)

@: flying
A: sickness immunity, AC +6, negative energy resistance 1, electricity
resistance, torment resistance 1, petrification resistance, horns 1, iridescent
scales 1, thin skeletal structure 1, MP-powered wands
a: Renounce Religion


You were on level 8 of the Dungeon.
You worshipped Okawaru.
Okawaru was noncommittal.
You visited 2 branches of the dungeon, and saw 9 of its levels.
You also visited: Ossuary.

You collected 266 gold pieces.


Innate Abilities, Weirdness & Mutations

You are immune to sickness and miasma.
Your stone body is resilient. (AC +6)
You are immune to poison.
You resist negative energy. (rN+)
You are resistant to electric shocks. (rElec)
You are resistant to unholy torment.
You are immune to petrification.
You have a pair of small horns on your head.
You are partially covered in iridescent scales. (AC +2)
You have a somewhat thin skeletal structure. (Dex +2, Stealth+)
You expend magic power (3 MP) to strengthen your wands.


   Skills:
 - Level 7.0 Fighting
 + Level 9.5 Axes
 - Level 2.4 Throwing
 - Level 5.0 Armour
 - Level 1.2 Dodging
 - Level 4.0 Shields


You had 8 spell levels left.
You didn't know any spells.
Your spell library was empty.

Inventory:

Hand Weapons
 m - a +0 flail
 Y - a +1 war axe (weapon)
Missiles
 i - 5 boomerangs (quivered)
Armour
 a - a +1 pair of boots of flying (worn)
 c - a +0 buckler (worn)
 l - a +1 pair of gloves (worn)
 p - a +0 chain mail (worn)
Scrolls
 n - 2 scrolls of teleportation
 s - a scroll of identify
Potions
 b - 3 potions of curing
 d - 4 potions of might
 e - a potion of resistance
 f - 3 potions of haste
 g - a potion of attraction
 h - 3 potions of lignification
 k - a potion of cancellation
 q - a potion of mutation
 v - a potion of flight {unknown}

Dungeon Overview and Level Annotations

Branches:
Dungeon (8/15)             Temple (1/1) D:7            Lair (0/5) D:8
Ossuary (visited)

Altars:
Cheibriados
Dithmenos
Elyvilon
Fedhas
Gozag
Hepliaklqana
Kikubaaqudgha
Makhleb
Nemelex Xobeh
Okawaru
Qazlal
Ru
Sif Muna
Uskayaw
Xom
Zin

Shops:
D:3 [   D:4 [

Annotations:
D:3 2 transporters, qw's ghost, amateur GrFi
D:8 Joseph


Message History

The wyvern is heavily wounded.
The wyvern bites you but does no damage. x2
You closely miss the wyvern.
The wyvern is heavily wounded.
The wyvern closely misses you.
You hit the wyvern but do no damage.
The wyvern is heavily wounded.
The wyvern bites you! x2
You hit the wyvern but do no damage. Your headbutt misses the wyvern.
The wyvern is heavily wounded.
The wyvern completely misses you.
The wyvern bites you but does no damage.
You closely miss the wyvern.
You headbutt the wyvern, but do no damage.
The wyvern is heavily wounded.
The wyvern bites you!
You barely miss the wyvern.
The wyvern is heavily wounded.
The wyvern barely misses you. The wyvern bites you!
7915 ||| READING 3 scrolls of teleportation.
As you read the scroll of teleportation, it crumbles to dust.
You feel strangely unstable. The wyvern closely misses you.
You hit the wyvern but do no damage.
The wyvern is heavily wounded.
The wyvern bites you but does no damage.
You block the wyvern's attack.
You completely miss the wyvern.
You headbutt the wyvern, but do no damage.
The wyvern is heavily wounded.
The wyvern bites you but does no damage.
You hit the wyvern but do no damage. Your headbutt misses the wyvern.
The wyvern is heavily wounded.
Your surroundings suddenly seem different.
Joseph, a Mercenary comes into view.
He is wielding a +0 quarterstaff.
Found a short sword.
Found a staircase to the Lair.
Joseph shouts!
Joseph unwields a +0 quarterstaff.
Joseph wields a +0 sling.
Joseph shoots a sling bullet.
The sling bullet hits you!
You die...

... ..#
..### .)
..~. #. #
#.@. .#
#.##.P.##.#
#...PP....#
#~..P>...~#
#...PP.@..#
#.##P..##.#
#... #
...~.
....###
.... #.. #.


You could see Joseph.

Vanquished Creatures
  A kobold demonologist (D:7)
  Eustachio (D:4)
  2 ice beasts
  A black bear (D:5)
  2 ogres
  A kobold brigand (D:6)
  2 necrophages
  3 bullfrogs
  4 scorpions
  5 wights (D:7)
  6 howler monkeys
  An orc priest (D:3)
  A hound (D:6)
  4 jellies
  2 iguanas
  2 orc wizards
  12 mummies (Ossuary)
  7 gnolls (D:5)
  2 adders (D:4)
  3 shadow imps (D:5)
  An ufetubus (D:5)
  2 worms
  3 dart slugs
  11 orcs
  8 endoplasms
  6 giant cockroaches
  11 goblins
  6 hobgoblins
  4 jackals (D:1)
  15 kobolds
  2 quokkas
  4 ball pythons
  4 bats
  4 frilled lizards
  2 gnoll skeletons (Ossuary)
  2 goblin skeletons (Ossuary)
  A kobold skeleton (Ossuary)
  3 orc skeletons (Ossuary)
  7 rats
  11 rat skeletons (Ossuary)
169 creatures vanquished.

Notes
Turn   | Place    | Note
-------+----------+-------------------------------------------
     0 | D:1      | qw the Gargoyle Fighter began the quest for the Orb.
     0 | D:1      | Reached XP level 1. HP: 14/14 MP: 1/1
     0 | D:1      | 0 ||| qw: Version: 0.2-a-13-gfc7b4b4
     0 | D:1      | 0 ||| qw: Game counter: 1678
     0 | D:1      | 0 ||| qw: Always use a shield: true
     0 | D:1      | 0 ||| qw: God list: Okawaru
     0 | D:1      | 0 ||| qw: Allow faded altars: false
     0 | D:1      | 0 ||| qw: Do Orc after D:15 true
     0 | D:1      | 0 ||| qw: Do second Lair branch before Depths: true
     0 | D:1      | 0 ||| qw: Lair rune preference: random
     0 | D:1      | 0 ||| qw: Plans: Normal, Zot:1-4, God:TSO, Crypt, Tomb,
                  | Pan, Slime:5, Hells, Abyss, Orb
     0 | D:1      | 0 ||| PLANNING D:1-11
   148 | D:1      | Reached skill level 2 in Axes
   152 | D:1      | 152 ||| Stepping ~*~*~tactically~*~*~ (stealth).
   163 | D:1      | Reached XP level 2. HP: 19/19 MP: 2/2
   501 | D:1      | Reached skill level 3 in Axes
   585 | D:1      | Reached XP level 3. HP: 23/23 MP: 3/3
   701 | D:1      | 701 ||| DROPPING +0 club.
  1294 | D:1      | 1294 ||| UPGRADING to +0 pair of gloves.
  1299 | D:1      | 1299 ||| READING 2 scrolls labelled KUEC KETESUTZ.
  1300 | D:1      | 1300 ||| READING scroll labelled GURUEL YPRABO.
  1303 | D:1      | 1303 ||| DROPPING scroll of blinking.
  1521 | D:2      | 1521 ||| Stepping ~*~*~tactically~*~*~ (stealth).
  1528 | D:2      | 1528 ||| Stepping ~*~*~tactically~*~*~ (stealth).
  2023 | D:2      | Noticed a scorpion
  2028 | D:2      | Killed a scorpion
  2029 | D:2      | Reached XP level 4. HP: 27/28 MP: 4/4
  2088 | D:2      | Found a faded altar of an unknown god.
  2107 | D:2      | 2107 ||| READING 2 scrolls labelled SYMOXY XUOSA EQEU.
  2108 | D:2      | 2108 ||| READING scroll of enchant armour.
  2108 | D:2      | 2108 ||| ENCHANTING +0 pair of gloves.
  2109 | D:2      | 2109 ||| READING scroll labelled SOEVITH NULI.
  2110 | D:2      | 2110 ||| READING scroll labelled HUDUNE ULOA.
  2167 | D:3      | Found Naxtoj's Antique Armour Shoppe.
  2176 | D:3      | 2176 ||| SHOPLISTING brightly glowing plate armour (868
                  | gold, have 70).
  2176 | D:3      | 2176 ||| SHOPLISTING chain mail (139 gold, have 70).
  2176 | D:3      | 2176 ||| SHOPLISTING runed ring mail (217 gold, have 70).
  2212 | D:3      | Reached XP level 5. HP: 32/32 MP: 5/5
  2242 | D:3      | 2242 ||| Stepping ~*~*~tactically~*~*~ (hiding).
  2245 | D:3      | 2245 ||| Stepping ~*~*~tactically~*~*~ (hiding).
  2246 | D:3      | 2246 ||| Stepping ~*~*~tactically~*~*~ (hiding).
  2247 | D:3      | 2247 ||| Stepping ~*~*~tactically~*~*~ (hiding).
  2256 | D:3      | Reached skill level 4 in Axes
  2388 | D:3      | 2388 ||| DROPPING +0 mace.
  2420 | D:3      | 2420 ||| Stepping ~*~*~tactically~*~*~ (stealth).
  2421 | D:3      | 2421 ||| Stepping ~*~*~tactically~*~*~ (stealth).
  2437 | D:3      | Found a transporter.
  2437 | D:3      | Noticed qw's ghost (amateur GrFi)
  2447 | D:3      | Found a transporter.
  2688 | D:3      | Found a snail-covered altar of Cheibriados.
  2914 | D:3      | 2914 ||| UPGRADING to +0 chain mail.
  2924 | D:3      | 2924 ||| DROPPING +0 scale mail.
  2925 | D:3      | 2925 ||| READING scroll labelled ROHIADENOE.
  2926 | D:3      | 2926 ||| DRINKING 2 clear potions.
  2974 | D:4      | Noticed an ogre
  2979 | D:4      | Killed an ogre
  2980 | D:4      | Reached skill level 5 in Axes
  2980 | D:4      | Reached XP level 6. HP: 37/37 MP: 6/6
  3073 | D:4      | Found Quekhluge's Antique Armour Boutique.
  3115 | D:4      | 3115 ||| SHOPLISTING pitted ice dragon scales (1885 gold,
                  | have 118).
  3115 | D:4      | 3115 ||| SHOPLISTING shiny plate armour (754 gold, have
                  | 118).
  3266 | D:4      | Noticed Eustachio
  3312 | D:4      | HP: 8/38 [ufetubus[Eustachio] (3)]
  3313 | D:4      | 3313 ||| READING 2 scrolls of teleportation.
  3338 | D:4      | 3338 ||| READING scroll of teleportation.
  3341 | D:4      | Killed Eustachio
  3342 | D:4      | Reached skill level 6 in Axes
  3342 | D:4      | Reached XP level 7. HP: 11/43 MP: 7/7
  3815 | D:4      | Reached skill level 1 in Dodging
  3861 | D:4      | 3861 ||| READING 3 scrolls labelled OFYENKUFAETZ.
  3862 | D:4      | 3862 ||| READING 3 scrolls labelled DUOC KOMIP.
  3863 | D:4      | 3863 ||| READING scroll labelled ERACUA VYHIWK.
  3864 | D:4      | 3864 ||| READING scroll labelled HOXYOF WUSOGOE.
  3865 | D:4      | 3865 ||| DRINKING 2 glowing pink potions.
  3892 | D:4      | 3892 ||| DRINKING 2 grey potions.
  3893 | D:4      | 3893 ||| DROPPING 2 scrolls of fear.
  3894 | D:4      | 3894 ||| DROPPING 2 scrolls of immolation.
  3918 | D:5      | Entered Level 5 of the Dungeon
  3993 | D:5      | 3993 ||| Stepping ~*~*~tactically~*~*~ (hiding).
  4075 | D:5      | Found a hazy altar of Hepliaklqana.
  4259 | D:5      | Found a shimmering blue altar of Sif Muna.
  4266 | D:5      | 4266 ||| Stepping ~*~*~tactically~*~*~ (stealth).
  4268 | D:5      | 4268 ||| Stepping ~*~*~tactically~*~*~ (hiding).
  4404 | D:5      | 4404 ||| Stepping ~*~*~tactically~*~*~ (stealth).
  4583 | D:5      | Reached skill level 7 in Axes
  4620 | D:5      | 4620 ||| Stepping ~*~*~tactically~*~*~ (stealth).
  4622 | D:5      | 4622 ||| Stepping ~*~*~tactically~*~*~ (hiding).
  4919 | D:5      | 4919 ||| Stepping ~*~*~tactically~*~*~ (hiding).
  4934 | D:5      | Reached XP level 8. HP: 33/48 MP: 8/8
  4934 | D:5      | 4934 ||| Stepping ~*~*~tactically~*~*~ (hiding).
  4956 | D:5      | 4956 ||| Stepping ~*~*~tactically~*~*~ (stealth).
  5118 | D:5      | 5118 ||| Stepping ~*~*~tactically~*~*~ (stealth).
  5119 | D:5      | 5119 ||| Stepping ~*~*~tactically~*~*~ (stealth).
  5213 | D:5      | 5213 ||| READING scroll labelled GORES GOAZXI.
  5298 | D:6      | Found a stormy altar of Qazlal.
  5338 | D:6      | 5338 ||| Stepping ~*~*~tactically~*~*~ (stealth).
  5390 | D:6      | 5390 ||| Stepping ~*~*~tactically~*~*~ (stealth).
  5391 | D:6      | 5391 ||| Stepping ~*~*~tactically~*~*~ (stealth).
  5489 | D:6      | Reached skill level 8 in Axes
  6095 | D:6      | Found a sparkling altar of Nemelex Xobeh.
  6147 | D:6      | Reached skill level 6 in Fighting
  6308 | D:6      | 6308 ||| UPGRADING to +1 pair of boots of flying.
  6313 | D:6      | 6313 ||| READING scroll labelled JUAM QETWO.
  6370 | D:6      | 6370 ||| DRINKING 2 murky inky potions.
  6371 | D:6      | 6371 ||| DRINKING 3 dark potions.
  6372 | D:6      | 6372 ||| DRINKING 2 orange potions.
  6372 | D:6      | Gained mutation: You expend magic power (3 MP) to
                  | strengthen your wands. [potion of mutation]
  6372 | D:6      | Gained mutation: You have a pair of small horns on your
                  | head. [potion of mutation]
  6372 | D:6      | Gained mutation: You are partially covered in iridescent
                  | scales. (AC +2) [potion of mutation]
  6372 | D:6      | Gained mutation: You have a somewhat thin skeletal
                  | structure. (Dex +2, Stealth+) [potion of mutation]
  6400 | D:7      | 6400 ||| PLANNING OSSUARY
  6422 | D:7      | Found a white marble altar of Elyvilon.
  6520 | D:7      | 6520 ||| Stepping ~*~*~tactically~*~*~ (stealth).
  6521 | D:7      | 6521 ||| Stepping ~*~*~tactically~*~*~ (stealth).
  6523 | D:7      | 6523 ||| Stepping ~*~*~tactically~*~*~ (stealth).
  6579 | D:7      | Noticed a kobold demonologist
  6588 | D:7      | Killed a kobold demonologist
  6589 | D:7      | Reached skill level 9 in Axes
  6589 | D:7      | Reached XP level 9. HP: 55/55 MP: 9/9
  6730 | D:7      | Found a sand-covered staircase.
  6731 | D:7      | 6731 ||| DRINKING 2 purple potions.
  6732 | D:7      | 6732 ||| DRINKING 2 sedimented emerald potions.
  6733 | D:7      | 6733 ||| DROPPING potion of degeneration.
  6742 | Ossuary  | Entered an ossuary
  7071 | Ossuary  | 7071 ||| READING scroll labelled WOIZYT HOUMUEN.
  7172 | Ossuary  | 7172 ||| READING 4 scrolls of identify.
  7172 | Ossuary  | 7172 ||| IDENTIFYING coppery potion
  7173 | Ossuary  | 7173 ||| READING 3 scrolls of identify.
  7173 | Ossuary  | 7173 ||| IDENTIFYING fuming blue potion
  7174 | Ossuary  | 7174 ||| READING 2 scrolls of identify.
  7174 | Ossuary  | 7174 ||| IDENTIFYING smoky white potion
  7175 | Ossuary  | 7175 ||| DROPPING potion of berserk rage.
  7176 | Ossuary  | 7176 ||| DROPPING potion of invisibility.
  7177 | Ossuary  | 7177 ||| DROPPING potion of brilliance.
  7187 | D:7      | 7187 ||| PLANNING D:1-11
  7383 | D:7      | 7383 ||| Stepping ~*~*~tactically~*~*~ (stealth).
  7394 | D:7      | 7394 ||| Stepping ~*~*~tactically~*~*~ (stealth).
  7397 | D:7      | 7397 ||| Stepping ~*~*~tactically~*~*~ (stealth).
  7763 | D:7      | Found a staircase to the Ecumenical Temple.
  7764 | D:7      | 7764 ||| PLANNING TEMPLE
  7764 | D:7      | 7764 ||| DROPPING orb of wrath.
  7765 | D:7      | 7765 ||| DROPPING ring of magical power.
  7774 | Temple   | Entered the Ecumenical Temple
  7775 | Temple   | 7775 ||| PLANNING OKAWARU WORSHIP
  7779 | Temple   | Became a worshipper of Warmaster Okawaru
  7780 | Temple   | 7780 ||| PLANNING D:1-11
  7914 | D:8      | HP: 6/57 [wyvern (12)]
  7915 | D:8      | 7915 ||| READING 3 scrolls of teleportation.
  7918 | D:8      | Found a staircase to the Lair.
  7918 | D:8      | Noticed Joseph
  7918 | D:8      | Shot with a sling bullet by Joseph

Levels and vault maps discovered:
D:1:      evilmike_arrival_rings, layout_basic, glass_columns_a,
          minmay_worlds_worst_comb
D:2:      layout_basic, basic_ecumenical_altar
D:3:      layout_basic, marbit_many_paths, gammafunk_ghost_mausoleum,
          serial_shops, shop
D:4:      layout_basic, serial_shops, shop, uniq_eustachio
D:5:      layout_loops_cross, mainiacjoe_overflow_large_starburst,
          kennysheep_small_spiral
D:6:      layout_loops_corners, nicolae_qazlal_scattered_showers,
          nemelex_xobeh_ov_fountains_minmay, serial_bayou_crossing
D:7:      layout_basic, elyvilon_altar_1, temple_hall, enter_ossuary_1
D:8:      layout_rooms, mainiacjoe_overflow_alcove_2,
          nicolae_ashenzari_panopticon, dpeg_oklobed_lair,
          guppyfry_early_elven_hall, uniq_joseph
Temple:   hellmonk_temple_micro_hex

Skill      XL: |  1  2  3  4  5  6  7  8  9 |
---------------+----------------------------+-----
Axes           | 2 3 5 6 7 9 |  9.5
Throwing       | 2 |  2.4
Fighting       | 4 6 7 |  7.0
Dodging        | 1 |  1.2
Armour         | 4 5 |  5.0
Shields        | 4 |  4.0

Action                   |  1- 3 |  4- 6 |  7- 9 || total
-------------------------+-------+-------+-------++-------
Melee: War axe           |   120 |    85 |   280 ||   485
       Headbutt          |       |       |    33 ||    33
Throw: Javelin           |    25 |    49 |    58 ||   132
       Boomerang         |       |     5 |     7 ||    12
  Use: Scroll            |     2 |     7 |    11 ||    20
       Potion            |       |     1 |     7 ||     8
Armor: Scale mail        |    64 |    11 |       ||    75
       Chain mail        |       |    64 |   173 ||   237
Dodge: Dodged            |    66 |    43 |    61 ||   170
Block: Buckler           |    25 |    25 |    37 ||    87

Table legend:
 A = Non-vault XP
 B = Vault XP
 C = Vault XP percentage of total XP
 D = Non-vault monster count
 E = Vault monster count
 F = Vault count percentage of total count
                 A         B        C        D         E       F
            +---------+---------+-------+---------+---------+-------
      Total |    3349 |     443 |  11.7 |     133 |      36 |  21.3
            +---------+---------+-------+---------+---------+-------
        D:1 |      49 |       6 |  10.9 |      28 |       3 |   9.7
        D:2 |     107 |       0 |   0.0 |      19 |       0 |   0.0
        D:3 |      78 |       5 |   6.0 |      16 |       1 |   5.9
        D:4 |     381 |     196 |  34.0 |      16 |       1 |   5.9
        D:5 |     506 |       0 |   0.0 |      20 |       0 |   0.0
        D:6 |     697 |       0 |   0.0 |      16 |       0 |   0.0
        D:7 |    1399 |       0 |   0.0 |      17 |       0 |   0.0
        D:8 |     132 |       0 |   0.0 |       1 |       0 |   0.0
    Ossuary |       0 |     236 | 100.0 |       0 |      31 | 100.0
            +---------+---------+-------+---------+---------+-------
